 Dungeon Crawl Stone Soup version 0.21-a0-346-g330ab2c (webtiles) character file.

11782 Amnesiac the Frost Mage (level 11, -10/83 HPs)
             Began as a Gnoll Ice Elementalist on Oct 5, 2017.
             Was a Believer of Ashenzari.
             Mangled by an orc warrior
             ... wielding a +0 dire flail
              (28 damage)
             ... on level 2 of the Orcish Mines.
             The game lasted 00:28:59 (10317 turns).

Amnesiac the Frost Mage (Gnoll Ice Elementalist)   Turns: 10317, Time: 00:29:00

Health: -10/83     AC:  9    Str: 10    XL:     11   Next: 83%
Magic:  23/23      EV: 16    Int: 24    God:    Ashenzari [**....]
Gold:   493        SH: 12    Dex: 16    Spells: 14/26 levels left

rFire    . . .     SeeInvis .   U - +1 broad axe
rCold    + . .     Gourm    .   D - +0 shield (curse)
rNeg     + . .     Faith    .   a - +2 robe {rC+}
rPois    .         Spirit   .   J - +2 helmet {Int+3} (curse)
rElec    .         Reflect  +   t - +0 cloak
rCorr    .         Harm     .   (no gloves)
MR       .....                  (no boots)
Stlth    ++++......             s - +2 amulet of reflection (curse)
HPRegen  0.23/turn              v - ring of positive energy (curse)
MPRegen  0.18/turn              z - +6 ring of slaying (curse)

@: no status effects
A: distributed training, fangs 1, strong nose
a: Curse Item, Scrying, Renounce Religion


You were on level 2 of the Orcish Mines.
You worshipped Ashenzari.
Ashenzari was pleased with you.
You were not hungry.

You visited 3 branches of the dungeon, and saw 12 of its levels.
You also visited: Bailey.

You collected 1011 gold pieces.
You spent 518 gold pieces at shops.

Inventory:

Hand Weapons
 i - a +0 dagger of venom
 B - a +0 whip of electrocution
 U - a +1 broad axe (weapon)
Missiles
 A - 53 poisoned needles
 O - 63 tomahawks of returning (quivered)
Armour
 a - a +2 robe of cold resistance (worn)
 t - a +0 cloak (worn)
 D - a cursed +0 shield (worn)
 J - a cursed +2 helmet of intelligence (worn)
Jewellery
 s - a cursed +2 amulet of reflection (around neck)
 v - a cursed ring of positive energy (left hand)
 w - an uncursed amulet of harm
 z - a cursed +6 ring of slaying (right hand)
 I - an uncursed ring of protection from cold
 V - an uncursed amulet of magic regeneration
Wands
 C - a wand of flame (29/48)
 E - a wand of disintegration (11/24)
 X - a wand of digging (7/24)
Scrolls
 e - 9 scrolls of teleportation {!r}
 k - a scroll of blinking {!r}
 l - 2 scrolls of amnesia {!r}
 n - 2 scrolls of fear {!r}
 u - 3 scrolls of recharging {!r}
 x - a scroll of immolation {!r}
 y - a scroll of remove curse {!r}
 F - a scroll of summoning {!r}
 H - 2 scrolls of enchant armour {!r}
 K - a scroll of magic mapping {!r}
 L - a scroll of fog {!r}
 T - a scroll of enchant weapon {!r}
 W - a scroll of silence {!r}
Potions
 d - 2 potions of haste {!q, unknown}
 g - 2 potions of berserk rage {!q, unknown}
 h - 4 potions of brilliance {!q, unknown}
 o - 2 potions of resistance {!q, unknown}
 p - 3 potions of mutation {!q, unknown}
 r - 11 potions of heal wounds {!q, unknown}
 G - 2 potions of curing {!q}
 M - 3 potions of lignification {!q, unknown}
 N - a potion of might {!q}
 P - 3 potions of magic {!q, unknown}
 R - a potion of experience {!q, unknown}
 S - a potion of degeneration {!q, unknown}
 Y - a potion of flight {!q, unknown}
Comestibles
 c - 4 bread rations
 j - 4 royal jellies
 q - 4 meat rations


   Skills:
 + Level 6.5 Fighting
 + Level 6.5 Short Blades
 + Level 6.5 Long Blades
 + Level 6.5 Axes
 + Level 6.5 Maces & Flails
 + Level 6.5 Polearms
 + Level 6.5 Staves
 + Level 6.5 Slings
 + Level 6.5 Bows
 + Level 6.5 Crossbows
 + Level 6.5 Throwing
 + Level 6.5 Armour
 + Level 8.1 Dodging
 + Level 7.8 Stealth
 + Level 6.5(8.0) Shields
 + Level 6.5 Unarmed Combat
 + Level 8.3 Spellcasting
 + Level 7.1(9.4) Conjurations
 + Level 6.5(8.9) Hexes
 + Level 6.5(8.9) Charms
 + Level 6.5(8.9) Summonings
 + Level 6.5(8.9) Necromancy
 + Level 6.5(8.9) Translocations
 + Level 6.5(8.9) Transmutations
 + Level 6.5(8.9) Fire Magic
 + Level 9.3(11.5) Ice Magic
 + Level 6.5(8.9) Air Magic
 + Level 6.5(8.9) Earth Magic
 + Level 6.5(8.9) Poison Magic
 + Level 6.5 Invocations
 + Level 6.5(8.9) Evocations


You had 14 spell levels left.
You knew the following spells:

 Your Spells              Type           Power        Failure   Level  Hunger
b - Ozocubu's Armour      Chrm/Ice       ######..     1%          3    None
c - Summon Ice Beast      Ice/Summ       ######..     2%          4    ##.....
q - Freeze                Ice            ####         1%          1    None
s - Fulminant Prism       Conj/Hex       ######....   3%          4    ##.....


Dungeon Overview and Level Annotations

Branches:
Dungeon (9/15)             Temple (1/1) D:5             Orc (2/2) D:9
    Elf (0/3) Orc:2
   Lair: D:8-11

Altars:
Ashenzari
Cheibriados
Dithmenos
Fedhas
Gozag
Hepliaklqana
Makhleb
Okawaru
Qazlal
Sif Muna
Trog
Wu Jian
Xom
Yredelemnul
Zin
The Shining One

Shops:
D:6 }   D:7 ?   D:9 (


Innate Abilities, Weirdness & Mutations

Your experience applies equally to all skills.
You have very sharp teeth.
Your uncanny sense of smell can sniff out nearby items.


Message History

You kill the orc priest!
You hit the orc warrior but do no damage.
You block the orc warrior's attack.
The orc priest casts a cantrip, but nothing happens.
You block the orc priest's attack.
You closely miss the orc priest. You bite the orc priest.
The orc priest is moderately wounded.
You barely miss the orc warrior.
The orc warrior hits you with a dire flail.
The orc priest invokes the aid of Beogh against you.
You are unaffected.
The orc priest closely misses you.
The orc warrior hits you but does no damage.
You slice the orc priest!!
You kill the orc priest!
You hit the orc warrior.
The orc warrior throws a tomahawk.
You reflect the tomahawk off an invisible shield around you!
The tomahawk barely misses the orc warrior.
The orc priest mumbles some strange prayers to Beogh against you.
You struggle to resist.
The orc warrior completely misses you.
An orc comes into view. It is wielding a club.
The orc warrior throws a tomahawk.
The tomahawk misses you.
You see here a tomahawk.
You closely miss the orc priest.
The orc shouts!
You hit the orc warrior. The orc priest misses you.
You block the orc warrior's attack.
The orc priest hits you but does no damage.
The orc warrior throws a tomahawk.
The tomahawk misses you.
An orc knight comes into view. It is wielding a dire flail.
You hit the orc priest.
The orc priest is heavily wounded.
You barely miss the orc warrior.
The orc warrior hits you with a dire flail!!
You block the orc priest's attack.
The orc warrior throws a tomahawk.
The tomahawk hits you.
You closely miss the orc priest.
The orc priest is heavily wounded.
You barely miss the orc warrior. You block the orc warrior's attack.
The orc priest completely misses you.
The orc warrior throws a tomahawk.
The tomahawk hits you.
The orc knight roars a battlecry!
The orcs go into a battle-frenzy!
You block the orc warrior's attack.
You hear a shout!
You hit the orc priest.
The orc priest is heavily wounded.
You barely miss the orc warrior. You block the orc priest's attack.
The orc warrior hits you with a dire flail!
* * * LOW HITPOINT WARNING * * *
The orc priest hits you.
* * * LOW HITPOINT WARNING * * *
An orc comes into view. It is wielding a flail.
You barely miss the orc priest.
The orc priest is heavily wounded.
You hit the orc warrior. You slash the orc!
You kill the orc!
The orc priest closely misses you. The orc warrior closely misses you.
You slash the orc priest!
You kill the orc priest!
You closely miss the orc warrior.
The orc warrior hits you with a dire flail!
* * * LOW HITPOINT WARNING * * *
The orc warrior hits you with a dire flail!!
You die...

** ##....).#.........#
#................#. *
#................... ,
##.##.....)......... ,
* ###.(....).........
,* ###..............##.
##.#.............####
#.................#.# *
*#...@)(..##(#........
*#.#..o.†..#.#.........
,
#....#(.).........#.#..
,
##...oo)o..#.#.###^....
,*
#...........#...##..##.
.. *
##..#....#...........#.
#..o ,
#.....................
....,
##.....#..............
#...####
##............(.......[


You could see an orc knight, 2 orc warriors and an orc.

Vanquished Creatures
  Gastronok (D:8)
  A two-headed ogre (D:7)
  2 orc knights
  Pikel (D:4)
  An orc sorcerer (Orc:1)
  A troll (Orc:2)
  Prince Ribbit (D:6)
  7 orc warriors
  A sky beast (D:5)
  An ice beast (D:8)
  A phantom (D:9)
  A slave (D:4)
  An ogre (Orc:1)
  3 centaurs
  A crocodile (D:8)
  3 big kobolds
  2 bullfrogs
  2 scorpions
  2 vampire bats (D:5)
  2 crimson imps
  2 jellies (D:6)
  7 hounds
  20 orc priests
  Crazy Yiuf (D:4)
  Jessica (D:3)
  15 orc wizards
  3 worker ants
  2 ogre zombies (D:9)
  2 hound skeletons
  13 gnolls
  2 howler monkey skeletons (D:4)
  13 adders
  2 shadow imps
  An adder skeleton (D:4)
  A worm (D:2)
  4 dart slugs
  3 leopard geckos
  45 orcs
  3 ball pythons
  13 bats
  2 giant cockroaches (D:1)
  11 goblins
  16 hobgoblins
  11 jackals
  31 kobolds
  5 quokkas
  5 frilled lizards
  A goblin skeleton (D:9)
  2 goblin zombies (D:9)
  3 orc skeletons (D:9)
  5 orc zombies (D:9)
  8 rats
288 creatures vanquished.

Vanquished Creatures (collateral kills)
  4 two-headed ogres
  Nergalle (Orc:1)
  Urug (Orc:1)
  An orc knight (Bailey)
  An ugly thing (D:9)
  The ghost of Amnesiac the Chiller, a novice GnIE (D:5)
  3 trolls
  A two-headed ogre zombie (D:9)
  6 orc warriors
  5 ogres
  2 phantoms
  A bullfrog (D:8)
  2 troll zombies (D:9)
  A gnoll shaman (D:9)
  6 orc priests
  A bullfrog skeleton (D:7)
  An iguana (D:8)
  3 orc wizards
  2 worker ants (D:9)
  3 ogre zombies (D:9)
  3 gnolls
  An adder (D:9)
  5 orcs
  3 goblin skeletons (D:9)
  3 goblin zombies (D:9)
  A hobgoblin zombie (D:9)
  7 orc zombies (D:9)
69 creatures vanquished.

Vanquished Creatures (others)
  2 hobgoblins (Bailey)
  2 kobolds (Bailey)
  2 fulminant prisms (D:8)
6 creatures vanquished.

Grand Total: 363 creatures vanquished

Notes
Turn   | Place    | Note
-------+----------+-------------------------------------------
     0 | D:1      | Amnesiac the Gnoll Ice Elementalist began the quest for the Orb.
     0 | D:1      | Reached XP level 1. HP: 13/13 MP: 6/6
    70 | D:1      | Reached XP level 2. HP: 19/19 MP: 1/7
   209 | D:3      | Noticed Jessica
   214 | D:3      | Killed Jessica
   214 | D:3      | Reached skill level 5 in Spellcasting
   214 | D:3      | Reached XP level 3. HP: 12/25 MP: 5/9
   219 | D:3      | Learned a level 3 spell: Ozocubu's Armour
   260 | D:3      | Reached skill level 1 in Fighting
   260 | D:3      | Reached skill level 1 in Short Blades
   260 | D:3      | Reached skill level 1 in Long Blades
   260 | D:3      | Reached skill level 1 in Axes
   260 | D:3      | Reached skill level 1 in Maces & Flails
   260 | D:3      | Reached skill level 1 in Polearms
   260 | D:3      | Reached skill level 1 in Staves
   260 | D:3      | Reached skill level 1 in Slings
   260 | D:3      | Reached skill level 1 in Bows
   260 | D:3      | Reached skill level 1 in Crossbows
   260 | D:3      | Reached skill level 1 in Throwing
   260 | D:3      | Reached skill level 1 in Armour
   260 | D:3      | Reached skill level 1 in Shields
   260 | D:3      | Reached skill level 1 in Unarmed Combat
   260 | D:3      | Reached skill level 1 in Hexes
   260 | D:3      | Reached skill level 1 in Charms
   260 | D:3      | Reached skill level 1 in Summonings
   260 | D:3      | Reached skill level 1 in Necromancy
   260 | D:3      | Reached skill level 1 in Translocations
   260 | D:3      | Reached skill level 1 in Transmutations
   260 | D:3      | Reached skill level 1 in Fire Magic
   260 | D:3      | Reached skill level 1 in Air Magic
   260 | D:3      | Reached skill level 1 in Earth Magic
   260 | D:3      | Reached skill level 1 in Poison Magic
   260 | D:3      | Reached skill level 1 in Invocations
   260 | D:3      | Reached skill level 1 in Evocations
   312 | D:3      | Reached XP level 4. HP: 25/32 MP: 6/11
   325 | D:3      | Learned a level 4 spell: Summon Ice Beast
   401 | D:4      | Found a runed door.
   420 | D:4      | Noticed a slave
   422 | D:4      | Noticed Pikel
   434 | D:4      | Noticed a slave
   437 | D:4      | Killed a slave
   438 | D:4      | Noticed a slave
   444 | D:4      | Killed Pikel
   444 | D:4      | Reached skill level 5 in Dodging
   444 | D:4      | Reached skill level 7 in Ice Magic
   444 | D:4      | Reached XP level 5. HP: 11/38 MP: 1/13
   444 | D:4      | Reached XP level 6. HP: 13/44 MP: 1/14
   444 | D:4      | Reached XP level 7. HP: 14/50 MP: 1/15
   965 | D:4      | Found a glowing silver altar of Zin.
  1090 | D:4      | Reached skill level 5 in Stealth
  1221 | D:4      | Noticed a two-headed ogre
  1238 | D:4      | Killed a two-headed ogre
  1238 | D:4      | Reached XP level 8. HP: 58/58 MP: 5/16
  1641 | D:4      | Noticed Crazy Yiuf
  1663 | D:4      | Killed Crazy Yiuf
  1717 | D:5      | Entered Level 5 of the Dungeon
  1754 | D:5      | Noticed Amnesiac's ghost (novice GnIE)
  1767 | D:5      | Killed Amnesiac's ghost
  1801 | D:5      | Found a staircase to the Ecumenical Temple.
  1812 | Temple   | Entered the Ecumenical Temple
  1835 | Temple   | Became a worshipper of Ashenzari the Shackled
  2905 | D:3      | Reached * piety under Ashenzari
  2947 | D:3      | Found a shadowy altar of Dithmenos.
  3871 | D:5      | Found the +4 Vampire's Tooth {vamp}
  3872 | D:5      | Reached XP level 9. HP: 65/65 MP: 16/18
  3902 | D:5      | Found an iron altar of Okawaru.
  3902 | D:5      | Found a glowing golden altar of the Shining One.
  3907 | D:5      | Found a hazy altar of Hepliaklqana.
  3907 | D:5      | Found a blossoming altar of Fedhas.
  4049 | D:6      | Found Jeapp's Gadget Shop.
  4252 | D:6      | Noticed Prince Ribbit
  4255 | D:6      | Killed Prince Ribbit
  4838 | D:7      | Found Tafoy's Magic Scroll Boutique.
  4865 | D:7      | Bought a scroll of teleportation for 42 gold pieces
  4865 | D:7      | Bought a scroll of identify for 28 gold pieces
  4865 | D:7      | Bought a scroll of magic mapping for 49 gold pieces
  4865 | D:7      | Bought a scroll of fog for 28 gold pieces
  4865 | D:7      | Bought a scroll of fear for 49 gold pieces
  4865 | D:7      | Bought a scroll of enchant armour for 105 gold pieces
  4917 | D:7      | Found a flagged portal.
  4978 | Bailey   | Entered a bailey
  5032 | Bailey   | Reached skill level 5 in Conjurations
  5353 | Bailey   | Noticed an orc knight
  5366 | Bailey   | Killed an orc knight
  5366 | Bailey   | Reached skill level 8 in Ice Magic
  5749 | D:7      | Reached ** piety under Ashenzari
  5847 | D:7      | Noticed a troll
  5856 | D:7      | Killed a troll
  6062 | D:8      | Noticed a two-headed ogre
  6070 | D:8      | Learned a level 4 spell: Fulminant Prism
  6076 | D:8      | Noticed a two-headed ogre
  6079 | D:8      | Noticed Gastronok
  6079 | D:8      | Killed a two-headed ogre
  6079 | D:8      | Reached XP level 10. HP: 73/73 MP: 4/20
  6131 | D:7      | Killed a two-headed ogre
  6131 | D:7      | Reached skill level 5 in Fighting
  6131 | D:7      | Reached skill level 5 in Short Blades
  6131 | D:7      | Reached skill level 5 in Long Blades
  6131 | D:7      | Reached skill level 5 in Axes
  6131 | D:7      | Reached skill level 5 in Maces & Flails
  6131 | D:7      | Reached skill level 5 in Polearms
  6131 | D:7      | Reached skill level 5 in Staves
  6131 | D:7      | Reached skill level 5 in Slings
  6131 | D:7      | Reached skill level 5 in Bows
  6131 | D:7      | Reached skill level 5 in Crossbows
  6131 | D:7      | Reached skill level 5 in Throwing
  6131 | D:7      | Reached skill level 5 in Armour
  6131 | D:7      | Reached skill level 5 in Shields
  6131 | D:7      | Reached skill level 5 in Unarmed Combat
  6131 | D:7      | Reached skill level 5 in Hexes
  6131 | D:7      | Reached skill level 5 in Charms
  6131 | D:7      | Reached skill level 5 in Summonings
  6131 | D:7      | Reached skill level 5 in Necromancy
  6131 | D:7      | Reached skill level 5 in Translocations
  6131 | D:7      | Reached skill level 5 in Transmutations
  6131 | D:7      | Reached skill level 5 in Fire Magic
  6131 | D:7      | Reached skill level 5 in Air Magic
  6131 | D:7      | Reached skill level 5 in Earth Magic
  6131 | D:7      | Reached skill level 5 in Poison Magic
  6131 | D:7      | Reached skill level 5 in Invocations
  6131 | D:7      | Reached skill level 5 in Evocations
  6191 | D:8      | Noticed a two-headed ogre
  6201 | D:8      | Killed a two-headed ogre
  6493 | D:8      | Killed Gastronok
  7017 | D:9      | Noticed a two-headed ogre
  7024 | D:9      | Killed a two-headed ogre
  7024 | D:9      | Reached XP level 11. HP: 49/81 MP: 6/22
  7036 | D:9      | Found Oshruok's Weapon Emporium.
  7040 | D:9      | Noticed a green ugly thing
  7052 | D:9      | Killed a green ugly thing
  7113 | D:9      | Found a staircase to the Orcish Mines.
  7491 | D:9      | Found a snail-covered altar of Cheibriados.
  7738 | Orc:1    | Entered Level 1 of the Orcish Mines
  7738 | Orc:1    | Noticed Urug
  7747 | Orc:1    | Killed Urug
  7747 | Orc:1    | Reached skill level 9 in Ice Magic
  7878 | D:7      | Bought a scroll of summoning for 133 gold pieces
  7878 | D:7      | Identified a scroll of acquirement {!r}
  7894 | D:7      | Bought a scroll of identify for 28 gold pieces
  7894 | D:7      | Bought a scroll of identify for 28 gold pieces
  7894 | D:7      | Bought a scroll of identify for 28 gold pieces
  8270 | Orc:1    | Noticed an orc sorcerer
  8279 | Orc:1    | Killed an orc sorcerer
  8358 | Orc:1    | Noticed Nergalle
  8387 | Orc:1    | Killed Nergalle
  8683 | Orc:2    | Entered Level 2 of the Orcish Mines
  9033 | Orc:2    | Noticed an orc knight
  9813 | Orc:2    | Killed an orc knight
  9831 | Orc:2    | Noticed an orc knight
  9835 | Orc:2    | Noticed an orc knight
  9937 | Orc:1    | Killed an orc knight
 10183 | Orc:2    | Found a staircase to the Elven Halls.
 10311 | Orc:2    | Noticed an orc knight
 10317 | Orc:2    | Mangled by an orc warrior

Vault maps used:
D:1:      onia_arrival_mini_spirals
D:3:      grunt_dithmenos_smoke_and_mirrors, uniq_jessica
D:4:      zin_statuary, uniq_crazy_yiuf_cottage, uniq_pikel
D:5:      grunt_temple_overflow_open, minmay_temple_entry_butterflies,
          first_bread, minmay_guarded_unrand_vampires_tooth
D:6:      serial_shops, nicolae_shop_window_shopping, uniq_prince_ribbit1
D:7:      enter_bailey_3, serial_shops, shop
D:8:      uniq_gastronok
D:9:      kennysheep_mini_moat, zombieorc2_lemuel, serial_shops, shop
Temple:   nicolae_temple_elliptical
Orc:1:    uniq_urug, uniq_nergalle
Orc:2:    st_orc_pillars
Bailey:   bailey_axe_2, bailey

Skill      XL: |  1  2  3  4  5  6  7  8  9 10 11 |
---------------+----------------------------------+-----
Spellcasting   | 5 6 7 8 |  8.3
Fighting       | 1 2 3 4 5 6 |  6.5
Short Blades   | 1 2 3 4 5 6 |  6.5
Long Blades    | 1 2 3 4 5 6 |  6.5
Axes           | 1 2 3 4 5 6 |  6.5
Maces & Flails | 1 2 3 4 5 6 |  6.5
Polearms       | 1 2 3 4 5 6 |  6.5
Staves         | 1 2 3 4 5 6 |  6.5
Slings         | 1 2 3 4 5 6 |  6.5
Bows           | 1 2 3 4 5 6 |  6.5
Crossbows      | 1 2 3 4 5 6 |  6.5
Throwing       | 1 2 3 4 5 6 |  6.5
Armour         | 1 2 3 4 5 6 |  6.5
Shields        | 1 2 3 4 5 6 |  6.5
Unarmed Combat | 1 2 3 4 5 6 |  6.5
Hexes          | 1 2 3 4 5 6 |  6.5
Charms         | 1 2 3 4 5 6 |  6.5
Summonings     | 1 2 3 4 5 6 |  6.5
Necromancy     | 1 2 3 4 5 6 |  6.5
Translocations | 1 2 3 4 5 6 |  6.5
Transmutations | 1 2 3 4 5 6 |  6.5
Fire Magic     | 1 2 3 4 5 6 |  6.5
Air Magic      | 1 2 3 4 5 6 |  6.5
Earth Magic    | 1 2 3 4 5 6 |  6.5
Poison Magic   | 1 2 3 4 5 6 |  6.5
Invocations    | 1 2 3 4 5 6 |  6.5
Evocations     | 1 2 3 4 5 6 |  6.5
Dodging        | 5 6 7 8 |  8.1
Conjurations   | 3 4 5 6 7 |  7.1
Ice Magic      | 7 8 9 |  9.3
Stealth        | 5 6 7 |  7.8

Action                   |  1- 3 |  4- 6 |  7- 9 | 10-12 || total
-------------------------+-------+-------+-------+-------++-------
Melee: Unarmed           |    16 |       |       |       ||    16
       Dagger            |     2 |     9 |   128 |   195 ||   334
       Bite              |     2 |     3 |    16 |    36 ||    57
       Broad axe         |       |       |       |   139 ||   139
Throw: Tomahawk          |       |       |     3 |       ||     3
 Cast: Freeze            |    26 |    12 |   188 |    38 ||   264
       Summon Ice Beast  |       |     1 |    17 |    63 ||    81
       Ozocubu's Armour  |       |       |     1 |     7 ||     8
       Fulminant Prism   |       |       |       |     2 ||     2
Invok: Curse Item        |       |       |     3 |       ||     3
  Use: Scroll            |       |       |       |     9 ||     9
       Potion            |       |       |       |     2 ||     2
 Stab: Sleeping          |     2 |       |    19 |     7 ||    28
       Distracted        |       |       |     1 |     5 ||     6
  Eat: Chunk             |       |       |    18 |    18 ||    36
Armor: Robe              |     8 |     2 |    25 |    60 ||    95
Dodge: Dodged            |    25 |     8 |   178 |   231 ||   442
Block: Shield            |       |       |   107 |   239 ||   346
       Reflection        |       |       |    15 |    10 ||    25

Table legend:
 A = Spawn XP
 B = Non-spawn XP
 C = Spawn XP percentage of total XP
 D = Spawn monster count
 E = Non-spawn monster count
 F = Spawn count percentage of total count
 G = Total turns spent on level
                    A         B        C        D         E        F      G
               +---------+---------+-------+---------+---------+-------+---------
         Total |       0 |   16832 |   0.0 |       0 |     360 |   0.0 | 10317
               +---------+---------+-------+---------+---------+-------+---------
           D:1 |       0 |      54 |   0.0 |       0 |      29 |   0.0 |   374
           D:2 |       0 |      73 |   0.0 |       0 |      20 |   0.0 |   462
           D:3 |       0 |      98 |   0.0 |       0 |      19 |   0.0 |   950
           D:4 |       0 |    1548 |   0.0 |       0 |      28 |   0.0 |  1636
           D:5 |       0 |     696 |   0.0 |       0 |      18 |   0.0 |   567
           D:6 |       0 |     558 |   0.0 |       0 |      11 |   0.0 |   800
           D:7 |       0 |    1712 |   0.0 |       0 |      33 |   0.0 |   929
           D:8 |       0 |    3568 |   0.0 |       0 |      21 |   0.0 |   627
           D:9 |       0 |    1956 |   0.0 |       0 |      65 |   0.0 |  1034
         Orc:1 |       0 |    4122 |   0.0 |       0 |      40 |   0.0 |  1964
         Orc:2 |       0 |    1810 |   0.0 |       0 |      42 |   0.0 |   313
        Bailey |       0 |     637 |   0.0 |       0 |      34 |   0.0 |   612
               +---------+---------+-------+---------+---------+-------+---------
